AoeStats
← imenek2

Arena

508236094Analyzed
4v4 RM · 11d ago on Sep 21, 2026· 52m 5s· 8 players
Game mode
Random Map
Map size
Large (8 player)
Population
200
Speed
Normal
Resources
Standard
Victory
Conquest
Starting age
Dark Age
Ending age
Imperial Age
RankedLock teamsTeams togetherTeam positionsShared explorationLock speedFull tech treeHidden civsTurbo modeCheats
Victory
Defeat
🇬🇧 Mongols · United Kingdom
1414
+13
🇹🇷 Slavs · Türkiye
1379
+31
🇪🇸 Turks · Spain
1356
+15
🇩🇪 Khmer · Germany
1331
+16
🇦🇷 Mapuche · Argentina
1415
-18
🇨🇳 Bohemians · China
1343
-15
🇮🇳 Magyars · India
1336
-14
🇩🇪 Italians · Germany
1256
-11
ttbenitez
10:39 Feudal Age
14:33 Castle Age
13:00 Double-Bit Axe
13:19 Horse Collar
15:24 Gold Mining
15:41 Scale Barding Armor
16:11 Bow Saw
16:41 Heavy Plow
21:59 Wheelbarrow
23:04 Gold Shaft Mining
26:50 Imperial Age
25:04 Chain Barding Armor
25:50 Forging
26:14 Bloodlines
26:04 Husbandry
28:12 Crop Rotation
28:39 Plate Barding Armor
29:31 Iron Casting
28:43 Loom
28:40 Cavalier
31:44 Blast Furnace
31:21 Ballistics
33:21 Conscription
34:15 Chemistry
32:45 Heavy Scorpion
35:34 Siege Engineers
35:33 Double Crossbow
37:15 Hand Cart
37:51 Elite Ballista Elephant
DK_Grunchito
11:01 Feudal Age
9:53 Loom
14:38 Castle Age
14:27 Town Watch
14:39 Double-Bit Axe
24:34 Fletching
31:46 Wheelbarrow
34:45 Imperial Age
35:08 Gold Mining
35:01 Horse Collar
35:51 Conscription
36:58 Padded Archer Armor
39:07 Leather Archer Armor
43:09 Ring Archer Armor
47:53 Bow Saw
47:49 Heavy Plow
rizz
10:00 Feudal Age
14:58 Castle Age
13:27 Double-Bit Axe
13:40 Gold Mining
14:41 Loom
15:12 Man-at-Arms
17:02 Loom
20:00 Squires
21:18 Scale Mail Armor
22:31 Long Swordsman
22:57 Arson
24:48 Town Watch
27:00 Chain Mail Armor
29:20 Wheelbarrow
30:33 Forging
44:20 Bow Saw
49:22 Horse Collar
50:47 Stone Mining
imenek2
11:04 Feudal Age
10:40 Loom
14:37 Castle Age
12:48 Horse Collar
12:54 Double-Bit Axe
15:09 Scale Barding Armor
15:30 Forging
20:45 Bloodlines
22:42 Husbandry
26:29 Bow Saw
27:24 Wheelbarrow
27:38 Chain Barding Armor
28:38 Hand Cart
28:34 Forging
30:57 Iron Casting
31:41 Town Watch
35:00 Imperial Age
32:36 Heavy Plow
32:33 Gold Mining
32:33 Stone Mining
33:31 Detinets
35:32 Gold Shaft Mining
35:15 Elite Boyar
36:40 Plate Barding Armor
37:08 Conscription
38:03 Blast Furnace
38:30 Fletching
39:43 Chemistry
39:03 Ballistics
41:51 Coinage
42:30 Two-Man Saw
42:00 Crop Rotation
41:53 Bodkin Arrow
41:58 Padded Archer Armor
42:07 Siege Engineers
43:54 Druzhina
44:50 Banking
45:08 Leather Archer Armor
47:04 Ring Archer Armor
46:46 Masonry
46:57 Onager
47:59 Druzhina
48:03 Caravan
Birkules
2:15 Loom
9:48 Feudal Age
14:00 Double-Bit Axe
16:19 Castle Age
14:18 Horse Collar
15:08 Stone Mining
15:18 Arson
18:20 Elite Skirmisher
24:37 Fletching
25:50 Bodkin Arrow
Amlan73
11:30 Feudal Age
12:36 Double-Bit Axe
15:31 Castle Age
13:31 Horse Collar
17:43 Bow Saw
18:03 Heavy Plow
19:14 Wheelbarrow
20:18 Loom
20:36 Gold Mining
24:57 Stone Mining
28:04 Imperial Age
26:37 Gold Shaft Mining
26:06 Fletching
26:45 Ballistics
26:32 Town Watch
26:40 Town Watch
27:11 Bodkin Arrow
27:32 Thumb Ring
29:01 Bracer
29:37 Murder Holes
30:44 Chemistry
30:56 Husbandry
32:25 Conscription
33:41 Bloodlines
33:33 Padded Archer Armor
33:33 Treadmill Crane
35:22 Two-Man Saw
34:09 Heavy Cavalry Archer
35:50 Leather Archer Armor
36:09 Scale Barding Armor
36:39 Parthian Tactics
36:16 Capped Ram
39:10 Corvinian Army
40:36 Ring Archer Armor
41:42 Recurve Bow
43:50 Elite Magyar Huszar
45:22 Elite Skirmisher
lobo
4:45 Loom
10:55 Feudal Age
12:14 Double-Bit Axe
15:11 Castle Age
14:47 Wheelbarrow
16:18 Bow Saw
16:22 Horse Collar
21:28 Hand Cart
23:01 Town Watch
25:29 Fletching
26:48 Bodkin Arrow
27:13 Heavy Plow
27:04 Gold Mining
27:05 Stone Mining
31:24 Imperial Age
31:46 Padded Archer Armor
31:28 Elite Bolas Rider
33:13 Chemistry
32:58 Leather Archer Armor
33:22 Ballistics
33:42 Crop Rotation
33:48 Gold Shaft Mining
33:48 Stone Shaft Mining
33:41 Conscription
34:40 Ring Archer Armor
34:47 Malon
35:12 Butalmapu
36:44 Elite Kona
39:05 Forging
39:39 Hoardings
42:47 Iron Casting
43:37 Elite Skirmisher
49:36 Blast Furnace
12014665
10:53 Feudal Age
11:23 Loom
14:46 Castle Age
13:01 Horse Collar
13:10 Double-Bit Axe
16:17 Wheelbarrow
17:17 Heavy Plow
17:31 Bow Saw
25:19 Heavy Plow
31:38 Imperial Age
31:03 Chemistry
30:40 Hand Cart
30:49 Pikeman
32:14 Forging
32:05 Scale Mail Armor
33:49 Two-Man Saw
33:48 Iron Casting
34:31 Ballistics
34:38 Squires
34:29 Treadmill Crane
35:41 Arson
36:16 Chain Mail Armor
37:02 Blast Furnace
37:06 Town Watch
36:51 Halberdier
41:15 Conscription
40:24 Elite Skirmisher
41:57 Plate Mail Armor
42:17 Padded Archer Armor
42:09 Fletching
42:26 Scale Barding Armor
44:03 Leather Archer Armor
43:46 Bodkin Arrow
46:00 Chain Barding Armor
47:32 Ring Archer Armor
52:12 Bombard Tower
Connection lost

Rejoining the realm…

Still unreachable

The connection could not be restored.

Session expired

The server has moved on; the page needs a fresh start.